 Dungeon Crawl Stone Soup version 0.21-b1-21-g86478ac (webtiles) character file.

533 myopia the Martial Artist (level 7, 0/41 HPs)
             Began as a Gargoyle Monk on Jan 4, 2018.
             Slain by an ogre
             ... wielding a +0 giant club
              (13 damage)
             ... on level 5 of the Dungeon.
             The game lasted 00:16:50 (3843 turns).

myopia the Martial Artist (Gargoyle Monk)           Turns: 3843, Time: 00:16:51

Health: 0/41       AC: 10    Str: 14    XL:     7   Next: 24%
Magic:  7/7        EV: 18    Int: 13    God:
Gold:   109        SH:  0    Dex: 19    Spells: 5/6 levels left

rFire    . . .     SeeInvis .     - Unarmed
rCold    . . .     Gourm    .   (no shield)
rNeg     + . .     Faith    .   a - +1 robe
rPois    ∞         Spirit   .   (no helmet)
rElec    +         Reflect  .   (no cloak)
rCorr    .         Harm     .   (no gloves)
MR       .....                  p - +2 pair of boots
Stlth    +++.......             l - amulet of magic regeneration
HPRegen  0.13/turn              t - +2 ring of intelligence
MPRegen  0.35/turn              (no ring)

@: agile
A: negative energy resistance 1, electricity resistance, unbreathing,
petrification resistance, rot immunity, AC +4
a: no special abilities


You were on level 5 of the Dungeon.
You were hungry.

You visited 1 branch of the dungeon, and saw 5 of its levels.

You collected 109 gold pieces.

Inventory:

Hand Weapons
 y - a +2 antimagic dagger
Missiles
 d - 275 stones (quivered)
 i - 32 poisoned needles
 j - a throwing net
Armour
 a - a +1 robe (worn)
 p - a +2 pair of boots (worn)
Jewellery
 l - an amulet of magic regeneration (around neck)
 t - a +2 ring of intelligence (left hand)
Wands
 A - a wand of random effects (9)
Scrolls
 f - 3 scrolls of enchant armour
 h - 3 scrolls of remove curse
 m - 3 scrolls of teleportation
 o - 3 scrolls of identify
 r - a scroll of blinking {unknown}
 s - 2 scrolls of fear {unknown}
 v - a scroll of amnesia {unknown}
Potions
 c - a potion of agility
 e - a potion of berserk rage {unknown}
 g - a potion of cancellation
 k - a potion of invisibility
 n - a potion of might {unknown}
 q - a potion of heal wounds {unknown}
 w - 2 potions of resistance
 x - a potion of brilliance {unknown}
 z - a potion of ambrosia {unknown}
Books
 u - a book of Cantrips

   Spells                             Type                      Level
   a - Confusing Touch                Hexes                        1
   b - Animate Skeleton               Necromancy                   1
   c - Summon Small Mammal            Summoning                    1
   d - Apportation                    Translocation                1
Comestibles
 b - 9 rations


   Skills:
 - Level 3.2 Fighting
 - Level 2.4 Dodging
 - Level 2.1 Stealth
 + Level 8.1 Unarmed Combat


You had 5 spell levels left.
You knew the following spells:

 Your Spells              Type           Power        Failure   Level  Hunger
a - Summon Small Mammal   Summ           #...         30%         1    ##.....


Dungeon Overview and Level Annotations

Branches:
Dungeon (5/15)
 Temple: D:4-7

Altars:
The Shining One


Innate Abilities, Weirdness & Mutations

You are resistant to torment.
Your stone body is resilient. (AC +4)
You are immune to poison.
You resist negative energy. (rN+)
You are resistant to electric shocks. (rElec)
You can survive without breathing.
You are immune to petrification.
You are immune to rotting.


Message History

You are too injured to fight recklessly!
You are too injured to fight recklessly!
You are too injured to fight recklessly!
You hit the ogre. Your punch misses the ogre.
The ogre is heavily wounded.
The ogre misses you.
You closely miss the ogre.
The ogre is heavily wounded.
You hit the ogre.
The ogre is severely wounded.
The ogre hits you with a giant club!
* * * LOW HITPOINT WARNING * * *
You punch the ogre!
The ogre is almost dead.
The ogre closely misses you.
You feel agile all of a sudden.
You barely miss the ogre.
The ogre is almost dead.
The ogre hits you with a giant club!
You die...

#.# ##.## #...# #...#
###### #...#
.....#####...##### #
.<(..#...........##.#...
...............#.Os....#
.....#..........@#
.....#####...#####
#.#### #...# #.# #...#
#.# #...###### #.#
####.......# #.#
#.......##.# #.#
#.##.....#.# #.#
####.###.#..#.#####


You could see an ogre and a scorpion.

Vanquished Creatures
  The ghost of CasualChangeling the Bolt Thrower, an amateur KoHu of Xom (D:4)
  An orc priest (D:4)
  3 orc wizards (D:4)
  Jessica (D:1)
  An iguana (D:4)
  A worker ant (D:4)
  Robin (D:2)
  5 adders
  An ooze (D:1)
  A dart slug (D:1)
  3 leopard geckos
  7 orcs
  6 bats
  3 giant cockroaches
  17 goblins
  11 hobgoblins
  8 kobolds
  5 quokkas
  2 ball pythons
  5 frilled lizards
  28 rats
111 creatures vanquished.

Notes
Turn   | Place    | Note
-------+----------+-------------------------------------------
     0 | D:1      | myopia the Gargoyle Monk began the quest for the Orb.
     0 | D:1      | Reached XP level 1. HP: 14/14 MP: 1/1
   192 | D:1      | Reached XP level 2. HP: 17/19 MP: 2/2
   303 | D:1      | Reached skill level 4 in Unarmed Combat
   347 | D:1      | Reached XP level 3. HP: 21/23 MP: 3/3
  1092 | D:2      | Reached XP level 4. HP: 28/28 MP: 4/4
  1118 | D:2      | Noticed Jessica
  1265 | D:2      | Reached skill level 5 in Unarmed Combat
  1303 | D:2      | Noticed Robin
  1341 | D:1      | Killed Jessica
  1530 | D:2      | Killed Robin
  1530 | D:2      | Reached XP level 5. HP: 21/32 MP: 5/5
  2374 | D:3      | Found a glowing golden altar of the Shining One.
  2380 | D:3      | Reached skill level 6 in Unarmed Combat
  2422 | D:3      | Learned a level 1 spell: Summon Small Mammal
  3068 | D:4      | Noticed CasualChangeling's ghost (amateur KoHu)
  3135 | D:4      | Killed CasualChangeling's ghost
  3135 | D:4      | Reached skill level 7 in Unarmed Combat
  3135 | D:4      | Reached XP level 6. HP: 18/37 MP: 6/6
  3385 | D:4      | Reached XP level 7. HP: 31/41 MP: 7/7
  3448 | D:4      | Reached skill level 8 in Unarmed Combat
  3627 | D:5      | Entered Level 5 of the Dungeon
  3843 | D:5      | Slain by an ogre

Skill      XL: |  1  2  3  4  5  6  7 |
---------------+----------------------+-----
Unarmed Combat | 4 5 7 8 |  8.1
Fighting       | |  3.2
Dodging        | |  2.4
Stealth        | |  2.1

Action                   |  1- 3 |  4- 6 |  7- 9 || total
-------------------------+-------+-------+-------++-------
Melee: Unarmed           |   137 |   222 |    53 ||   412
       Punch             |     2 |     4 |     1 ||     7
Throw: Stone             |     8 |       |       ||     8
 Cast: Summon Small Mamm |       |     1 |       ||     1
  Use: Scroll            |       |     7 |       ||     7
       Potion            |       |     3 |     1 ||     4
 Stab: Sleeping          |     3 |     4 |       ||     7
       Invisible         |       |     3 |       ||     3
  Eat: Chunk             |     1 |     7 |     1 ||     9
Armor: Robe              |    44 |    75 |     9 ||   128
Dodge: Dodged            |   108 |   124 |    24 ||   256
